 Dungeon Crawl Stone Soup version 0.30-a0-585-g93115170b9 (webtiles) character file.

Game seed: 16028864049511560616

58 cforsyth the Ruffian (level 4, 0/41 HPs)
             Began as a Ghoul Monk on Jan 2, 2023.
             Slain by a bat (1 damage)
             ... on level 2 of the Dungeon.
             The game lasted 00:01:20 (1320 turns).

cforsyth the Ruffian (Ghoul Monk)                   Turns: 1320, Time: 00:01:21

Health: 0/41       AC:  2    Str: 16    XL:     4   Next: 2%
Magic:  3/3        EV: 12    Int:  5    God:
Gold:   46         SH:  0    Dex: 11    Spells: 3/3 levels left

rFire   . . .      SeeInvis .      - Unarmed
rCold   + . .      Faith    .    (no shield)
rNeg    + + +      Spirit   .    a - +0 robe
rPois   ∞          Reflect  .    (no helmet)
rElec   .          Harm     .    (no cloak)
rCorr   .          Rampage  .    (no gloves)
Will    .....                    (no boots)
Stlth   ++                       (no amulet)
HPRegen 0.00/turn                (no ring)
MPRegen 0.08/turn                (no ring)

@: inhibited regen
A: claws 1, cold resistance 1, negative energy resistance 3, inhibited
regeneration, torment resistance 2, devour on kill
a: no special abilities


You were on level 2 of the Dungeon.
You visited 1 branch of the dungeon, and saw 2 of its levels.

You collected 46 gold pieces.

Inventory:

Armour
 a - a +0 robe (worn)
Jewellery
 c - a ring of protection from cold
 e - a ring of magical power
Scrolls
 h - 5 scrolls of immolation
 i - a scroll of identify {unknown}
 k - 2 scrolls of teleportation {unknown}
Potions
 b - a potion of ambrosia
 d - a potion of might {unknown}
 f - a potion of lignification
 g - a potion of degeneration {unknown}
 j - a potion of haste {unknown}


   Skills:
 + Level 4.3 Fighting
 - Level 2.6 Dodging
 - Level 2.1 Stealth
 + Level 4.3 Unarmed Combat


You had 3 spell levels left.
You didn't know any spells.
Your spell library was empty.

Dungeon Overview and Level Annotations

Branches:
Dungeon (2/15)

Altars:

Annotations:
D:2 Robin


Innate Abilities, Weirdness & Mutations

You are immune to poison.
You have sharp fingernails.
Your flesh is cold resistant. (rC+)
You are immune to negative energy. (rN+++)
You do not regenerate when monsters are visible.
You are immune to unholy pain and torment.
You thrive by killing the living.


Message History

You miss the goblin.
Robin roars a battlecry!
The goblin hits you with a +0 dagger. x2; The bat closely misses you.
You scratch the goblin but do no damage.
You claw the goblin, but do no damage. The bat hits you but does no damage.
The bat hits you. The goblin hits you with a +0 dagger.
Robin throws the goblin at you! The goblin hits you with a +0 dagger.
You closely miss the goblin. The goblin hits you with a +0 dagger.
The goblin hits you but does no damage.
A hobgoblin comes into view.
The goblin hits you but does no damage.
You claw the goblin!
You kill the goblin!
The bat hits you but does no damage.
The goblin hits you with a +0 dagger. x2
The bat barely misses you.
You miss the bat. The bat barely misses you. The goblin closely misses you.
The goblin hits you with a +0 dagger.
* * * LOW HITPOINT WARNING * * *
The goblin attacks as you move away! The goblin hits you with a +0 dagger.
* * * LOW HITPOINT WARNING * * *
The bat closely misses you. The bat hits you but does no damage.
The goblin hits you with a +0 dagger.
* * * LOW HITPOINT WARNING * * *
Robin throws the goblin at you!
You see here a +0 dagger.
The goblin attacks as you move away! The goblin hits you with a +0 dagger.
* * * LOW HITPOINT WARNING * * *
The goblin attacks as you move away! The goblin closely misses you.
The bat closely misses you.
Unknown command.
The bat barely misses you. The bat barely misses you.
The goblin no longer looks unusually strong.
The bat barely misses you. The bat hits you.
* * * LOW HITPOINT WARNING * * *
It was a potion of lignification.
You feel woody for a moment.
The goblin no longer looks unusually strong.
The bat hits you.
You die...

#.#.#[...#...##.#
#.#.#.#..#......##
#######.#......#....#..#
#......................#
######..........#..#.#......#
#........†.....+...._....#..#
[####..........#.#..†#.....#
##.ggg..b.....)†........#
##......#@...#...#....#..#
#..#######.....#...##.#..#
...#####)## ##.#......#.....#
.....gg.g.# #..............#
...gJg###.####################..#
...## #......................## #
.###...........###########
.........####### ...#####.#


You could see 3 goblins and a bat.

Vanquished Creatures
  An adder (D:2)
  A gnoll (D:1)
  2 worms
  A dart slug (D:1)
  An endoplasm (D:2)
  2 giant cockroaches (D:1)
  6 goblins
  3 hobgoblins (D:1)
  3 kobolds
  3 quokkas
  A ball python (D:1)
  4 bats
  A rat (D:2)
29 creatures vanquished.

Notes
Turn   | Place    | Note
-------+----------+-------------------------------------------
     0 | D:1      | cforsyth the Ghoul Monk began the quest for the Orb.
     0 | D:1      | Reached XP level 1. HP: 19/19 MP: 0/0
    51 | D:1      | Reached XP level 2. HP: 8/27 MP: 1/1
   461 | D:1      | Reached XP level 3. HP: 33/33 MP: 2/2
  1230 | D:2      | Found a faded altar of an unknown god.
  1302 | D:2      | Noticed Robin
  1305 | D:2      | Reached XP level 4. HP: 39/41 MP: 3/3
  1312 | D:2      | HP: 2/41 [goblin/+0 dagger[Robin] (3)]
  1319 | D:2      | HP: 1/41 [bat (1)]
  1320 | D:2      | Slain by a bat

Illustrated notes

Levels and vault maps discovered:
D:1:      scummos_arrival_hexagon, layout_basic
D:2:      layout_rooms, hellmonk_ecumenical_altar_blasted, chequers_garden,
          uniq_robin

Skill      XL: |  1  2  3 |
---------------+----------+-----
Fighting       | 4 |  4.3
Unarmed Combat | 4 |  4.3
Dodging        | |  2.6
Stealth        | |  2.1

Action                   |  1- 3 |  4- 6 || total
-------------------------+-------+-------++-------
Melee: Unarmed           |    84 |     6 ||    90
       Punch             |     2 |     1 ||     3
  Use: Potion            |       |     1 ||     1
 Stab: Sleeping          |     4 |       ||     4
Armor: Robe              |    13 |     7 ||    20
Dodge: Dodged            |    39 |    11 ||    50

Table legend: (Time is in decaauts)
 A = Elapsed time spent in this place.
 B = Non-inter-level travel time spent in this place.
 C = Inter-level travel time spent in this place.
 D = Time resting spent in this place.
 E = Time spent auto-exploring this place.
 F = Levels seen in this place.
 G = Mean time per level.
                   A        B        C        D        E       F      G
               +--------+--------+--------+--------+--------+-----+--------+
         Total |   1316 |   1303 |     13 |    164 |    934 |   2 |  658.0 |
       Dungeon |   1316 |   1303 |     13 |    164 |    934 |   2 |  658.0 |
               +--------+--------+--------+--------+--------+-----+--------+

Top non-repeatable levels by time:
     D:1: 1114 daAuts
     D:2: 202 daAuts
